 Dungeon Sprint DCSS version 0.30-a0-1016-gfb0d676c02 (webtiles) character file.

Game seed: 15299050673764276435

62280183 GloriousHammer the Conqueror (level 21, 234/246 HPs)
             Began as a Minotaur Berserker on Apr 6, 2023.
             Was a High Priest of Trog.
             Escaped with the Orb
             ... and 17 runes on Apr 7, 2023!
             The game lasted 01:47:46 (29525 turns).

GloriousHammer the Conqueror (Minotaur Berserker)  Turns: 29525, Time: 01:47:47

Health: 234/246    AC: 43    Str: 35    XL:     21   Next: 31%
Magic:  29/49      EV: 19    Int:  4    God:    Trog [*****.]
Gold:   1646       SH: 29    Dex: 13    Spells: 53/53 levels left

rFire   + . .      SeeInvis +    b - +9 eveningstar (flame)
rCold   + . .      Faith    .    t - +5 tower shield
rNeg    + . .      Spirit   .    w - +4 gold dragon scales
rPois   +          Reflect  .    B - +1 hat
rElec   .          Rampage  .    m - +2 cloak {rCorr}
rCorr   +          NoTele   +    n - +1 pair of gloves
Will    +....                    l - +2 pair of boots
Stlth   +                        (no amulet)
HPRegen 0.61/turn                N - ring of Raapt {+Blink MP+9 Str+2 Dex+3 SInv}
MPRegen 0.31/turn                O - ring "Viumiop" {*Slow rPois rN+ Slay+3}

@: no status effects
A: horns 2, retaliatory headbutt, robust 1
0: Orb of Zot
}: 17/17 runes: decaying, serpentine, barnacled, slimy, elven, silver, golden,
iron, obsidian, icy, bone, abyssal, glowing, magical, fiery, dark, gossamer
a: Renounce Religion, Evoke Blink, Berserk, Trog's Hand, Brothers in Arms


You escaped.
You worshipped Trog.
Trog was extremely pleased with you.
You visited 1 branch You collected 1945 gold pieces.
You spent 299 gold pieces at shops.

Inventory:

Hand Weapons
 a - the +5 demon whip "Spellbinder" {antimagic, disrupt, Will+}
   (Trog gifted it to you in the Dungeon)

   Will:      It increases your willpower.
 b - a +9 eveningstar of flaming (weapon)
 z - the +10 morningstar "Eos" {elec, Halo rElec}
   (Trog gifted it to you in the Dungeon)

   Halo:      It grants its wielder a halo, revealing invisible creatures and
   increasing accuracy against all within it other than the wielder.
   rElec:     It insulates you from electricity.
 D - the +5 demon whip of the Endless Expanse {vamp, Str+4}
   (You found it in the Dungeon)

   Str:       It affects your strength (+4).
 H - the +10 morningstar of the Orange Skies {antimagic, rF+ Dex+3}
   (Trog gifted it to you in the Dungeon)

   Dex:       It affects your dexterity (+3).
   rF:        It protects you from fire.
 M - a +3 hand crossbow
Missiles
 o - 4 poisoned darts
 u - 2 javelins (quivered)
Armour
 l - a +2 pair of boots (worn)
 m - a +2 cloak of preservation (worn)
 n - a +1 pair of gloves (worn)
 t - a +5 tower shield (worn)
 w - +4 gold dragon scales (worn)
 B - a +1 hat (worn)
Jewellery
 c - a ring of ice
 d - a +6 ring of dexterity
 s - a +6 ring of strength
 C - a ring of ice
 F - a ring of protection from fire
 J - the ring of Luupsun {rPois Int+2 Dex+3}
   (You found it in the Dungeon)

   [ring of dexterity]

   Int:       It affects your intelligence (+2).
   Dex:       It affects your dexterity (+3).
   rPois:     It protects you from poison.
 L - the ring "Wuk Puoq" {rElec Will++ EV+5 Str-5 Stlth+}
   (You found it in the Dungeon)

   [ring of evasion]

   EV:        It affects your evasion (+5).
   Str:       It affects your strength (-5).
   rElec:     It insulates you from electricity.
   Will:      It greatly increases your willpower.
   Stlth:     It makes you more stealthy.
 N - the ring of Raapt (left hand) {+Blink MP+9 Str+2 Dex+3 SInv}
   (You found it in the Dungeon)

   [ring of dexterity]

   Str:       It affects your strength (+2).
   Dex:       It affects your dexterity (+3).
   MP:        It affects your magic capacity (+9).
   SInv:      It lets you see invisible.
   +Blink:    It lets you blink.
 O - the ring "Viumiop" (right hand) {*Slow rPois rN+ Slay+3}
   (You found it in the Dungeon)

   [ring of poison resistance]

   Slay:      It affects your accuracy & damage with ranged weapons and melee
   (+3).
   rPois:     It protects you from poison.
   rN:        It protects you from negative energy.
   *Slow:     It may slow you when you take damage.
 S - a +6 ring of strength
 W - a ring of willpower
 Z - a ring of wizardry
Wands
 j - a wand of light (3)
 k - a wand of flame (12)
 v - a wand of digging (5)
Scrolls
 y - 2 scrolls of amnesia
 A - 4 scrolls of fear
 I - a scroll of identify
Potions
 e - 2 potions of haste
 f - 9 potions of magic
 g - 2 potions of berserk rage
 h - a potion of heal wounds
 i - a potion of invisibility
 p - 4 potions of mutation
 r - a potion of lignification
 x - 3 potions of curing
 E - 2 potions of brilliance
Miscellaneous
 q - a lightning rod (4/4)
 K - the horn of Geryon


   Skills:
 O Level 27 Fighting
 O Level 27 Short Blades
 + Level 20.2(26.0) Axes
 O Level 27 Maces & Flails
 O Level 27 Ranged Weapons
 O Level 27 Throwing
 O Level 27 Armour
 O Level 27 Dodging
 O Level 27 Stealth
 O Level 27 Shields
 - Level 16.9 Spellcasting
 O Level 27 Evocations


You had 53 spell levels left.
You didn't know any spells.
Your spell library was empty.

Dungeon Overview and Level Annotations

Branches:
Dungeon (1/1)

Altars:
Cheibriados
Dithmenos
Elyvilon
Fedhas
Gozag
Hepliaklqana
Kikubaaqudgha
Makhleb
Nemelex Xobeh
Okawaru
Qazlal
Ru
Sif Muna
Trog
Uskayaw
Vehumet
Wu Jian
Xom
Yredelemnul
Zin
The Shining One
Jiyva
Lugonu

Shops:
D ::((


Innate Abilities, Weirdness & Mutations

You have a pair of horns on your head.
You reflexively headbutt those who attack you in melee.
You are robust. (+10% HP)


Message History

Goitz tail-slaps your iron troll. Goitz tail-slaps your iron troll.
Your iron troll bites Goitz but does no damage.
Your iron troll claws Goitz.
Your iron troll claws Goitz!!
Goitz tail-slaps your iron troll!! Goitz tail-slaps your iron troll!
Your iron troll dies!
Your iron troll's corpse disappears in a puff of smoke!
You crush Goitz like a grape!!! You burn Goitz! Your headbutt misses Goitz.
Goitz is severely wounded.
You block Goitz's attack.
You hit Goitz. You burn Goitz. You headbutt Goitz!
Goitz is severely wounded.
Goitz tail-slaps you!
You feel your power leaking away. You block Goitz's attack.
You bludgeon Goitz!! You headbutt Goitz, but do no damage.
Goitz is almost dead.
You block Goitz's attack.
You hit Goitz. You headbutt Goitz, but do no damage.
Goitz is almost dead.
Goitz tail-slaps you.
You feel your power leaking away.
You hit Goitz. You headbutt Goitz!
Goitz is almost dead.
Goitz tail-slaps you but does no damage. x2
You barely miss Goitz.
Goitz is almost dead.
Goitz tail-slaps you but does no damage.
Unknown command.
Press < or > to pray at altars.
You puncture Goitz! You burn Goitz.
Goitz is almost dead.
You block Goitz's attack.
You hit Goitz but do no damage. Your headbutt misses Goitz.
Goitz is almost dead.
You block Goitz's attack.
Goitz tail-slaps you but does no damage.
Unknown command.
Press < or > to pray at altars.
You bludgeon Goitz!!
Goitz is almost dead.
You block Goitz's attack.
You stick Goitz like a pincushion!!! You burn Goitz.
You kill Goitz!
Trog accepts your kill.
The horn of Geryon has recharged.
Your base Axes skill gained 2 levels and is now at level 19!
You bludgeon the sun demon!!
The sun demon is heavily wounded.
The sun demon hits you.
You are engulfed in flames!
You resist.
You closely miss the sun demon.
The sun demon is heavily wounded.
You block the red devil's attack.
The sun demon hits you but does no damage.
Unknown command.
Press < or > to pray at altars.
You impale the sun demon!!
You kill the sun demon!
Trog accepts your kill. Trog grants you a weapon!
Something appears at your feet!
You see here a +5 heavy mace.
The red devil hits you but does no damage.
Your base Axes skill increases to level 20!
There is a hide-covered altar of Uskayaw here.
You block the red devil's attack.
There is a bloodstained altar of Trog, spattered with blood here.
You see here a +5 heavy mace.
You closely miss the red devil. You headbutt the red devil.
The red devil is lightly wounded.
You skewer the red devil like a kebab!!!
You kill the red devil!
Trog accepts your kill.
There is a shimmering blue altar of Sif Muna here.
You see here a +1 trident of freezing.
There is a sacrificial altar of Ru here.
There is a stormy altar of Qazlal here.
There is an iron altar of Okawaru here.
There is a sparkling altar of Nemelex Xobeh here.
There is a burning altar of Makhleb here.
There is a corrupted altar of Lugonu here.
There is an ancient bone altar of Kikubaaqudgha here.
There is a hazy altar of Hepliaklqana here.
There is an opulent altar of Gozag here.
There is a blossoming altar of Fedhas here.
There is a white marble altar of Elyvilon here.
There is a shadowy altar of Dithmenos here.
There is a snail-covered altar of Cheibriados here.
There is a roughly hewn altar of Beogh here.
There is an open door to the Temple here.
Things that are here:
a +0 ring mail; 3 boomerangs; a +0 flail
Things that are here:
a +0 robe; a +0 dagger
There is an open door here.
There is an open door to the Dungeon, spattered with blood here.
You see here a +0 club.
There is a staircase leading out of the dungeon here.
You can't go down here!
You have escaped!

▓.............).[[
▓.▓▓▓▓▓▓▓▓▓▓▓▓▓▓▓▓
▓.................
▓▓▓▓▓▓▓▓▓▓▓▓▓▓▓▓▓▓
▓.......'.......).
▓.▓▓▓▓▓▓▓▓▓▓▓▓▓▓▓▓
▓.................
▓▓▓▓▓▓▓▓▓▓▓▓▓▓▓▓▓▓
▓@...).....'[[...'
▓▓▓▓▓▓▓▓▓▓▓▓▓▓▓▓▓▓


There were no monsters in sight!

Vanquished Creatures
  Cerebov (D)
  Antaeus (D)
  Asmodeus (D)
  the Royal Jelly (D)
  Ereshkigal (D)
  Gloorx Vloq (D)
  A seraph (D)
  Mnoleg (D)
  Lom Lobon (D)
  Dispater (D)
  4 ancient liches (D)
  3 orbs of fire (D)
  Mennas (D)
  Mara (D)
  5 royal mummies (D)
  Sojobo (D)
  Boris (D)
  3 pandemonium lords (D)
  Frederick (D)
  A Killer Klown (D)
  2 golden dragons (D)
  Geryon (D)
  A bone dragon (D)
  A Brimstone Fiend (D)
  A Tzitzimitl (D)
  2 electric golems (D)
  2 deep elf blademasters (D)
  A lich (D)
  2 tentacled monstrosities (D)
  34 Orb Guardians (D)
  3 quicksilver dragons (D)
  A titan (D)
  2 Hell Sentinels (D)
  4 deep elf master archers (D)
  15 acid blobs (D)
  3 death cobs (D)
  2 Executioners (D)
  13 sphinxes (D)
  2 storm dragons (D)
  2 tengu reavers (D)
  Donald (D)
  9 shadow dragons (D)
  5 rockslimes (D)
  5 azure jellies (D)
  4 nagarajas (D)
  A fire giant (D)
  A draconian monk (D)
  2 draconian knights (D)
  2 deep elf sorcerers (D)
  3 emperor scorpions (D)
  4 frost giants (D)
  A draconian scorcher (D)
  A balrug (D)
  A vault warden (D)
  3 ghost moths (D)
  An orc warlord (D)
  An angel (D)
  A cacodemon (D)
  A draconian annihilator (D)
  A draconian stormcaller (D)
  An ironbound preserver (D)
  2 draconian shifters (D)
  A reaper (D)
  7 stone giants (D)
  2 green draconians (D)
  A demonspawn corrupter (D)
  A very ugly thing (D)
  A war gargoyle (D)
  7 quicksilver oozes (D)
  An ironbound thunderhulk (D)
  2 demonspawn black suns (D)
  2 black draconians (D)
  Nessos (D)
  An eleionoma (D)
  11 vampire knights (D)
  3 deep elf demonologists (D)
  2 white draconians (D)
  5 yellow draconians (D)
  4 red draconians (D)
  2 purple draconians (D)
  2 merfolk javelineers (D)
  2 deep elf death magi (D)
  A spark wasp (D)
  5 fire dragons (D)
  An ettin (D)
  4 merfolk impalers (D)
  4 mummy priests (D)
  An entropy weaver (D)
  2 rakshasas (D)
  27 vault guards (D)
  A deep elf high priest (D)
  A great orb of eyes (D)
  9 hydras (D)
  3 merfolk avatars (D)
  A hell beast (D)
  A spriggan air mage (D)
  3 ice dragons (D)
  An alligator (D)
  A centaur warrior (D)
  2 two-headed ogres (D)
  2 deep troll shamans (D)
  A tengu warrior (D)
  A hell hog (D)
  A naga warrior (D)
  2 spriggan berserkers (D)
  2 merfolk aquamancers (D)
  A thrashing horror (D)
  3 deep troll earth magi (D)
  6 orc high priests (D)
  A shock serpent (D)
  2 hell knights (D)
  3 soul eaters (D)
  13 spriggans (D)
  4 sun demons (D)
  3 sixfirhies (D)
  2 cherubim (D)
  2 pharaoh ants (D)
  A sun moth (D)
  A shadow demon (D)
  6 swamp dragons (D)
  A flayed ghost (D)
  A bog body (D)
  2 phantasmal warriors (D)
  2 ironbound convokers (D)
  3 lindwurms (D)
  2 harpies (D)
  2 deep elf pyromancers (D)
  2 starcursed masses (D)
  4 necromancers (D)
  4 orc knights (D)
  2 manticores (D)
  2 cyclopes (D)
  A wolf spider (D)
  2 toenail golems (D)
  14 moths of wrath (D)
  Joseph (D)
  4 naga magi (D)
  3 guardian serpents (D)
  A rust devil (D)
  2 demonic crawlers (D)
  2 vault sentinels (D)
  A gargoyle (D)
  2 smoke demons (D)
  An orange demon (D)
  A rime drake (D)
  4 cane toads (D)
  2 efreet (D)
  Psyche (D)
  2 hellions (D)
  2 komodo dragons (D)
  A tengu conjurer (D)
  An ice devil (D)
  17 guardian mummies (D)
  A tormentor (D)
  A red devil (D)
  A wandering mushroom (D)
  A tyrant leech (D)
  A merfolk (D)
  A troll (D)
  A hellwing (D)
  A tarantella (D)
  A polar bear (D)
  2 hornets (D)
  A wind drake (D)
  A snapping turtle (D)
  A slime creature (D)
  A culicivora (D)
  2 jumping spiders (D)
  Eustachio (D)
  5 large abominations (D)
  A yak (D)
  A water elemental (D)
  Grum (D)
  2 wyverns (D)
  4 golden eyes (D)
  3 chaos spawn (D)
  4 redbacks (D)
  4 nagas (D)
  2 acid dragons (D)
  5 water moccasins (D)
  9 orc warriors (D)
  A black bear (D)
  A swamp drake (D)
  4 wolves (D)
  2 bullfrogs (D)
  A small abomination (D)
  A scorpion (D)
  A wight (D)
  A howler monkey (D)
  A jelly (D)
  10 orc priests (D)
  An iguana (D)
  4 orc wizards (D)
  A dart slug (D)
  10 orcs (D)
  An endoplasm (D)
  A goblin (D)
  2 hobgoblins (D)
  A ball lightning (D)
  2 fire vortices (D)
556 creatures vanquished.

Vanquished Creatures (collateral kills)
  A royal mummy (D)
  Boris (D)
  Margery (D)
  Nikola (D)
  A tentacled monstrosity (D)
  A sphinx (D)
  A fire giant (D)
  A vault warden (D)
  Louise (D)
  A draconian shifter (D)
  A very ugly thing (D)
  2 ironbound preservers (D)
  2 bunyips (D)
  An ettin (D)
  A mummy priest (D)
  A yaktaur captain (D)
  A hydra (D)
  A rakshasa (D)
  A peacekeeper (D)
  A boulder beetle (D)
  A naga warrior (D)
  2 shock serpents (D)
  A hell knight (D)
  A glowing orange brain (D)
  A goliath frog (D)
  An ironbound convoker (D)
  A lindwurm (D)
  A necromancer (D)
  A manticore (D)
  A black mamba (D)
  3 vault sentinels (D)
  A naga mage (D)
  2 tyrant leeches (D)
  A slime creature (D)
  A worm (D)
41 creatures vanquished.

Vanquished Creatures (others)
  Ilsuiw (D)
  A very ugly thing (D)
  A yaktaur captain (D)
  2 merfolk aquamancers (D)
  An ironbound frostheart (D)
  A tengu conjurer (D)
  A white imp (D)
  2 ball lightnings (D)
  A lurking horror (D)
11 creatures vanquished.

Grand Total: 608 creatures vanquished

Notes
Turn   | Place    | Note
-------+----------+-------------------------------------------
     0 | D        | GloriousHammer the Minotaur Berserker began the quest for
                  | the Orb.
     0 | D        | Reached XP level 1. HP: 19/19 MP: 0/0
    10 | D        | Reached ** piety under Trog
    14 | D        | Reached XP level 2. HP: 10/28 MP: 1/1
   195 | D        | Noticed a scorpion
   198 | D        | Killed a scorpion
   199 | D        | Reached skill level 5 in Fighting
   199 | D        | Reached skill level 5 in Maces & Flails
   199 | D        | Reached skill level 5 in Armour
   199 | D        | Reached XP level 3. HP: 37/37 MP: 2/2
   200 | D        | Reached *** piety under Trog
   201 | D        | Reached skill level 5 in Dodging
   201 | D        | Reached XP level 4. HP: 45/45 MP: 3/3
   208 | D        | Reached XP level 5. HP: 52/52 MP: 4/4
   255 | D        | Found a snail-covered altar of Cheibriados.
   255 | D        | Found a shadowy altar of Dithmenos.
   255 | D        | Found a white marble altar of Elyvilon.
   255 | D        | Found a blossoming altar of Fedhas.
   255 | D        | Found an opulent altar of Gozag.
   256 | D        | Found a hazy altar of Hepliaklqana.
   257 | D        | Found a viscous altar of Jiyva.
   258 | D        | Found an ancient bone altar of Kikubaaqudgha.
   259 | D        | Found a corrupted altar of Lugonu.
   260 | D        | Found a burning altar of Makhleb.
   261 | D        | Found a sparkling altar of Nemelex Xobeh.
   262 | D        | Found an iron altar of Okawaru.
   263 | D        | Found a stormy altar of Qazlal.
   264 | D        | Found a sacrificial altar of Ru.
   265 | D        | Found a shimmering blue altar of Sif Muna.
   266 | D        | Found a bloodstained altar of Trog.
   267 | D        | Found a hide-covered altar of Uskayaw.
   268 | D        | Found a radiant altar of Vehumet.
   269 | D        | Found an ornate altar of the Wu Jian Council.
   270 | D        | Found a shimmering altar of Xom.
   271 | D        | Found a basalt altar of Yredelemnul.
   272 | D        | Found a glowing silver altar of Zin.
   273 | D        | Found a glowing golden altar of the Shining One.
   322 | D        | Noticed a wyvern
   322 | D        | Noticed a two-headed ogre
   322 | D        | Noticed a wyvern
   323 | D        | Killed a wyvern
   323 | D        | Reached **** piety under Trog
   324 | D        | Reached XP level 6. HP: 43/62 MP: 5/5
   327 | D        | Killed a two-headed ogre
   328 | D        | Reached XP level 7. HP: 74/74 MP: 6/6
   328 | D        | Killed a wyvern
   329 | D        | Reached XP level 8. HP: 83/83 MP: 7/7
   331 | D        | Reached ***** piety under Trog
   402 | D        | Noticed a cyclops
   402 | D        | Noticed a troll
   402 | D        | Noticed a two-headed ogre
   402 | D        | Noticed a deep elf pyromancer
   402 | D        | Noticed a gargoyle
   402 | D        | Noticed a cyclops
   405 | D        | Killed a cyclops
   409 | D        | Killed a deep elf pyromancer
   415 | D        | Killed a troll
   415 | D        | Received a gift from Trog
   416 | D        | Reached XP level 9. HP: 94/94 MP: 8/8
   417 | D        | Killed a two-headed ogre
   418 | D        | Reached skill level 15 in Fighting
   419 | D        | Killed a gargoyle
   420 | D        | Reached skill level 15 in Armour
   423 | D        | Killed a cyclops
   646 | D        | Noticed a komodo dragon
   646 | D        | Noticed a cane toad
   646 | D        | Noticed a cane toad
   646 | D        | Noticed a cane toad
   650 | D        | Killed a komodo dragon
   651 | D        | Reached skill level 1 in Evocations
   651 | D        | Killed a cane toad
   652 | D        | Reached XP level 10. HP: 100/108 MP: 9/9
   656 | D        | Killed a cane toad
   658 | D        | Killed a cane toad
   658 | D        | Reached ****** piety under Trog
   659 | D        | Received a gift from Trog
   687 | D        | Noticed a cane toad
   689 | D        | Noticed a six-headed hydra
   692 | D        | Reached skill level 15 in Maces & Flails
   702 | D        | Killed a six-headed hydra
   702 | D        | Received a gift from Trog
   703 | D        | Reached skill level 5 in Evocations
   703 | D        | Killed a cane toad
   782 | D        | Noticed a lindwurm
   782 | D        | Noticed a lindwurm
   782 | D        | Noticed a lindwurm
   792 | D        | Killed a lindwurm
   795 | D        | Killed a lindwurm
   795 | D        | Identified the +8 dire flail "Yvvuuf" {heavy, +Blink Fly
                  | rC++ Str-4} (Trog gifted it to you in the Dungeon)
   795 | D        | Received a gift from Trog
   796 | D        | Reached XP level 11. HP: 53/119 MP: 10/10
   801 | D        | Noticed a lindwurm
   804 | D        | Killed a lindwurm
   812 | D        | Killed a lindwurm
  1067 | D        | Noticed Psyche
  1078 | D        | Killed Psyche
  1145 | D        | Noticed an orc knight
  1160 | D        | Killed an orc knight
  1165 | D        | Received a gift from Trog
  1210 | D        | Noticed an orc knight
  1213 | D        | Killed an orc knight
  1214 | D        | Noticed an orc knight
  1219 | D        | Received a gift from Trog
  1228 | D        | Killed an orc knight
  1550 | D        | Found Bakh's Book Emporium.
  1550 | D        | Noticed an orc high priest
  1551 | D        | Noticed an orc high priest
  1554 | D        | Noticed an orc high priest
  1555 | D        | Received a gift from Trog
  1556 | D        | Noticed a sixfirhy
  1556 | D        | Found Lev Osav's Book Shoppe.
  1559 | D        | Killed an orc high priest
  1563 | D        | Found Hunizini's Antique Weapon Emporium.
  1563 | D        | Noticed a sixfirhy
  1565 | D        | Noticed a sixfirhy
  1565 | D        | Killed an orc high priest
  1570 | D        | Noticed an orc high priest
  1571 | D        | Killed an orc high priest
  1574 | D        | Noticed an orc high priest
  1594 | D        | Killed an orc high priest
  1594 | D        | Received a gift from Trog
  1780 | D        | Killed an orc high priest
  1802 | D        | Found Foeg's Antique Weapon Shoppe.
  1808 | D        | Noticed an orc high priest
  1815 | D        | Killed an orc high priest
  1816 | D        | Reached XP level 12. HP: 124/136 MP: 11/11
  1820 | D        | Bought a steaming great mace for 299 gold pieces
  1820 | D        | Identified the +10 great mace of Costrowk {antimagic, rC-
                  | Str+7} (You bought it in a shop in the Dungeon)
  1851 | D        | Noticed Eustachio
  1858 | D        | Killed Eustachio
  1891 | D        | Noticed Grum
  1904 | D        | Killed Grum
  1906 | D        | Received a gift from Trog
  2096 | D        | Noticed a centaur warrior
  2096 | D        | Noticed a five-headed hydra
  2099 | D        | Reached skill level 10 in Dodging
  2099 | D        | Noticed a six-headed hydra
  2101 | D        | Killed a centaur warrior
  2109 | D        | Received a gift from Trog
  2109 | D        | Noticed a stone giant
  2111 | D        | Noticed a fire giant
  2114 | D        | Killed a five-headed hydra
  2117 | D        | Noticed an ettin
  2119 | D        | Killed a seven-headed hydra
  2127 | D        | Killed a stone giant
  2128 | D        | Noticed a rakshasa
  2131 | D        | Killed a fire giant
  2131 | D        | Received a gift from Trog
  2133 | D        | Killed an ettin
  2136 | D        | Reached skill level 10 in Evocations
  2136 | D        | Noticed a green very ugly thing
  2141 | D        | Killed a rakshasa
  2146 | D        | Killed a green very ugly thing
  2147 | D        | Noticed a frost giant
  2155 | D        | Killed a frost giant
  2544 | D        | Received a gift from Trog
  2561 | D        | Received a gift from Trog
  2566 | D        | Reached XP level 13. HP: 73/147 MP: 12/12
  2906 | D        | Received a gift from Trog
  3184 | D        | Noticed an eleionoma
  3187 | D        | Noticed a bunyip
  3195 | D        | Killed an eleionoma
  3196 | D        | Reached skill level 1 in Shields
  3205 | D        | Received a gift from Trog
  3207 | D        | Noticed a bunyip
  3227 | D        | Received a gift from Trog
  3235 | D        | Killed a bunyip
  3236 | D        | Reached skill level 5 in Shields
  3238 | D        | Killed a bunyip
  3552 | D        | Received a gift from Trog
  3732 | D        | Noticed Joseph
  3739 | D        | Killed Joseph
  3787 | D        | Noticed a shadow dragon
  3801 | D        | Identified the +8 morningstar of Lacrukh {antimagic, rElec}
                  | (Trog gifted it to you in the Dungeon)
  3801 | D        | Received a gift from Trog
  3814 | D        | Killed a shadow dragon
  3824 | D        | Reached skill level 10 in Shields
  4056 | D        | Noticed a brown very ugly thing
  4056 | D        | Noticed a fire giant
  4057 | D        | Noticed a fire dragon
  4065 | D        | Noticed a fire dragon
  4071 | D        | Killed a fire giant
  4292 | D        | Killed a fire dragon
  4293 | D        | Reached XP level 14. HP: 95/162 MP: 13/13
  4302 | D        | Received a gift from Trog
  4984 | D        | Noticed a stone giant
  5004 | D        | Killed a stone giant
  5036 | D        | Noticed a white very ugly thing
  5047 | D        | Killed a white very ugly thing
  5052 | D        | Received a gift from Trog
  5316 | D        | Noticed an ironbound thunderhulk
  5325 | D        | Killed an ironbound thunderhulk
  5332 | D        | Noticed an ironbound preserver
  5350 | D        | Received a gift from Trog
  5351 | D        | Killed an ironbound preserver
  5357 | D        | Noticed a vault warden
  5358 | D        | Identified the +5 mace "Keivih" {flame, rN+ Dex+2 SInv}
                  | (Trog gifted it to you in the Dungeon)
  5358 | D        | Received a gift from Trog
  5359 | D        | Noticed an ironbound preserver
  5363 | D        | Killed a vault warden
  5366 | D        | Killed an ironbound preserver
  5367 | D        | Received a gift from Trog
  5368 | D        | Noticed a sphinx
  5371 | D        | Killed a sphinx
  5372 | D        | Reached skill level 27 in Fighting
  5372 | D        | Reached skill level 27 in Armour
  5374 | D        | Noticed a sphinx
  5377 | D        | Noticed an orc warlord
  5384 | D        | Killed a sphinx
  5389 | D        | Noticed an Orb Guardian
  5391 | D        | Killed an orc warlord
  5401 | D        | Killed an Orb Guardian
  5403 | D        | Received a gift from Trog
  5461 | D        | Noticed a vault warden
  5474 | D        | Killed a vault warden
  5475 | D        | Reached skill level 15 in Shields
  5958 | D        | Noticed Mara
  5968 | D        | Noticed GloriousHammer's illusion
  5990 | D        | Killed Mara
  6691 | D        | Got the +3 plate armour of Pewit {*Slow rElec MP+9 Stlth+}
  6919 | D        | Noticed Nikola
  6924 | D        | Noticed Louise
  6930 | D        | Killed Nikola
  6930 | D        | Received a gift from Trog
  6935 | D        | Killed Louise
  7032 | D        | Received a gift from Trog
  7043 | D        | Reached XP level 15. HP: 144/174 MP: 14/14
  7050 | D        | Received a gift from Trog
  7064 | D        | Got a decaying rune of Zot
  7255 | D        | Noticed a nagaraja
  7255 | D        | Noticed a nagaraja
  7255 | D        | Noticed a nagaraja
  7255 | D        | Noticed a nagaraja
  7264 | D        | Killed a nagaraja
  7267 | D        | Killed a nagaraja
  7269 | D        | Received a gift from Trog
  7271 | D        | Killed a nagaraja
  7272 | D        | Reached skill level 15 in Evocations
  7276 | D        | Reached skill level 15 in Dodging
  7276 | D        | Received a gift from Trog
  7284 | D        | Killed a nagaraja
  7290 | D        | Received a gift from Trog
  7366 | D        | Got a serpentine rune of Zot
  7391 | D        | Noticed Ilsuiw
  7406 | D        | Killed Ilsuiw
  7417 | D        | Identified the +5 quarterstaff "Fizin" {flame, Str+3 Dex+3}
                  | (Trog gifted it to you in the Dungeon)
  7417 | D        | Received a gift from Trog
  7453 | D        | Received a gift from Trog
  7464 | D        | Got a barnacled rune of Zot
  7669 | D        | Noticed an emperor scorpion
  7669 | D        | Noticed an emperor scorpion
  7681 | D        | Reached skill level 1 in Throwing
  7692 | D        | Killed an emperor scorpion
  7699 | D        | Killed an emperor scorpion
  7715 | D        | Noticed an emperor scorpion
  7719 | D        | Received a gift from Trog
  7729 | D        | Killed an emperor scorpion
  7864 | D        | Received a gift from Trog
  7865 | D        | Reached skill level 5 in Throwing
  7866 | D        | Got a gossamer rune of Zot
  8016 | D        | Noticed Donald
  8017 | D        | Noticed a tengu reaver
  8018 | D        | Noticed Sojobo
  8019 | D        | Noticed Frederick
  8020 | D        | Noticed a tengu reaver
  8033 | D        | Killed Donald
  8044 | D        | Killed a tengu reaver
  8053 | D        | Paralysed by an air elemental for 1 turns
  8071 | D        | Killed Sojobo
  8086 | D        | Killed Frederick
  8098 | D        | Killed a tengu reaver
  8098 | D        | Received a gift from Trog
  8522 | D        | Received a gift from Trog
  8540 | D        | Reached XP level 16. HP: 170/183 MP: 5/15
  8595 | D        | Received a gift from Trog
  8596 | D        | Reached skill level 10 in Throwing
  8646 | D        | Received a gift from Trog
  8676 | D        | Received a gift from Trog
  8688 | D        | Noticed a shadow dragon
  8691 | D        | Noticed a shadow dragon
  8702 | D        | Received a gift from Trog
  8717 | D        | Killed a shadow dragon
  8727 | D        | Received a gift from Trog
  8732 | D        | Killed a shadow dragon
  8982 | D        | Identified the +3 shortbow "Recien" {drain, rCorr Str+4}
  8995 | D        | Noticed a shadow dragon
  8995 | D        | Noticed a titan
  8995 | D        | Noticed a shadow dragon
  8996 | D        | Noticed a tentacled monstrosity
  8998 | D        | Received a gift from Trog
  8998 | D        | Found the +10 morningstar "Eos" {elec, Halo rElec}
  9004 | D        | Killed a shadow dragon
  9007 | D        | Noticed a golden dragon
  9009 | D        | Killed a titan
  9010 | D        | Noticed a shadow dragon
  9014 | D        | Killed a tentacled monstrosity
  9014 | D        | Received a gift from Trog
  9020 | D        | Killed a golden dragon
  9026 | D        | Killed a shadow dragon
  9031 | D        | Killed a shadow dragon
  9035 | D        | Identified the +2 trident "Soetucu" {pain, Will+}
  9053 | D        | Got a silver rune of Zot
  9138 | D        | Received a gift from Trog
  9143 | D        | Noticed Margery
  9169 | D        | Killed Margery
  9201 | D        | Received a gift from Trog
  9770 | D        | Reached skill level 15 in Throwing
  9956 | D        | Noticed Nessos
  9957 | D        | Noticed Boris
  9958 | D        | Noticed Mennas
  9965 | D        | Killed Nessos
  9968 | D        | Killed Boris
  9968 | D        | Identified the +10 morningstar of the Orange Skies
                  | {antimagic, rF+ Dex+3} (Trog gifted it to you in the
                  | Dungeon)
  9968 | D        | Received a gift from Trog
 10008 | D        | Killed Mennas
 10166 | D        | Got the ring of Luupsun {rPois Int+2 Dex+3}
 10170 | D        | Got the amulet of Bien {Faith Fly rCorr Str+3}
 10172 | D        | Got the ring "Wuk Puoq" {rElec Will++ EV+5 Str-5 Stlth+}
 10174 | D        | Got the ring of Raapt {+Blink MP+9 Str+2 Dex+3 SInv}
 10176 | D        | Got the ring "Viumiop" {*Slow rPois rN+ Slay+3}
 10203 | D        | Got the +5 demon whip of the Endless Expanse {vamp, Str+4}
 10363 | D        | Noticed a shadow dragon
 10366 | D        | Received a gift from Trog
 10372 | D        | Reached skill level 27 in Maces & Flails
 10372 | D        | Reached XP level 17. HP: 186/191 MP: 16/16
 10387 | D        | Received a gift from Trog
 10572 | D        | Noticed a bone dragon
 10592 | D        | Killed a bone dragon
 10600 | D        | Received a gift from Trog
 10601 | D        | Reached skill level 27 in Shields
 10629 | D        | Received a gift from Trog
 10706 | D        | Noticed a tentacled monstrosity
 10723 | D        | Killed a tentacled monstrosity
 10864 | D        | Noticed a golden dragon
 10878 | D        | Received a gift from Trog
 10879 | D        | Killed a golden dragon
 10885 | D        | Identified the +12 mace of the Spider Nest {heavy, Str+3}
                  | (Trog gifted it to you in the Dungeon)
 10885 | D        | Received a gift from Trog
 11003 | D        | Noticed a tentacled monstrosity
 11003 | D        | Noticed a quicksilver dragon
 11003 | D        | Noticed a quicksilver dragon
 11018 | D        | Killed a tentacled monstrosity
 11033 | D        | Received a gift from Trog
 11034 | D        | Killed a quicksilver dragon
 11042 | D        | Killed a quicksilver dragon
 11376 | D        | Noticed a quicksilver dragon
 11378 | D        | Received a gift from Trog
 11401 | D        | Killed a quicksilver dragon
 11401 | D        | Received a gift from Trog
 11576 | D        | Noticed an Orb Guardian
 11576 | D        | Noticed an Orb Guardian
 11576 | D        | Noticed an Orb Guardian
 11576 | D        | Noticed an Orb Guardian
 11576 | D        | Noticed an Orb Guardian
 11579 | D        | Killed an Orb Guardian
 11579 | D        | Noticed an Orb Guardian
 11583 | D        | Killed an Orb Guardian
 11585 | D        | Killed an Orb Guardian
 11586 | D        | Reached skill level 27 in Dodging
 11588 | D        | Killed an Orb Guardian
 11593 | D        | Killed an Orb Guardian
 11593 | D        | Received a gift from Trog
 11600 | D        | Killed an Orb Guardian
 11602 | D        | Noticed an Orb Guardian
 11609 | D        | Killed an Orb Guardian
 11614 | D        | Noticed an Orb Guardian
 11615 | D        | Noticed an Orb Guardian
 11622 | D        | Killed an Orb Guardian
 11627 | D        | Killed an Orb Guardian
 11634 | D        | Noticed an Orb Guardian
 11634 | D        | Noticed an Orb Guardian
 11636 | D        | Noticed an Orb Guardian
 11637 | D        | Killed an Orb Guardian
 11638 | D        | Killed an Orb Guardian
 11638 | D        | Received a gift from Trog
 11638 | D        | Killed an Orb Guardian
 11639 | D        | Reached XP level 18. HP: 200/200 MP: 17/17
 11640 | D        | Noticed an Orb Guardian
 11647 | D        | Killed an Orb Guardian
 11865 | D        | Noticed an ancient lich
 11872 | D        | Killed an ancient lich
 11875 | D        | Noticed an orb of fire
 11889 | D        | Killed an orb of fire
 12017 | D        | Noticed an electric golem
 12024 | D        | Killed an electric golem
 12024 | D        | Received a gift from Trog
 12034 | D        | Noticed an orb of fire
 12034 | D        | Noticed an ancient lich
 12034 | D        | Noticed an Orb Guardian
 12035 | D        | Noticed a Killer Klown
 12038 | D        | Noticed an orb of fire
 12042 | D        | Killed an orb of fire
 12043 | D        | Noticed an Orb Guardian
 12044 | D        | Killed an ancient lich
 12048 | D        | Noticed an electric golem
 12052 | D        | Killed an Orb Guardian
 12057 | D        | Gained mutation: You are clumsy. (Dex -2) [an orb of fire]
 12058 | D        | Gained mutation: You have hidden genetic defects. [an orb
                  | of fire]
 12059 | D        | Killed an orb of fire
 12070 | D        | Killed a Killer Klown
 12070 | D        | Killed an Orb Guardian
 12092 | D        | Killed an electric golem
 12093 | D        | Reached skill level 27 in Throwing
 12102 | D        | Received a gift from Trog
 12102 | D        | Found the +5 demon whip "Spellbinder" {antimagic, disrupt,
                  | Will+}
 12323 | D        | Lost mutation: You are clumsy. (Dex -2) [potion of
                  | mutation]
 12323 | D        | Lost mutation: You have hidden genetic defects. [potion of
                  | mutation]
 12323 | D        | Gained mutation: Your magical capacity is low. (-10% MP)
                  | [potion of mutation]
 12323 | D        | Gained mutation: You are robust. (+10% HP) [potion of
                  | mutation]
 12394 | D        | Noticed an ancient lich
 12409 | D        | Killed an ancient lich
 12463 | D        | Noticed an Orb Guardian
 12463 | D        | Noticed an Orb Guardian
 12463 | D        | Noticed an Orb Guardian
 12463 | D        | Noticed an Orb Guardian
 12463 | D        | Noticed an Orb Guardian
 12463 | D        | Noticed an Orb Guardian
 12467 | D        | Killed an Orb Guardian
 12468 | D        | Reached skill level 27 in Evocations
 12468 | D        | Reached skill level 1 in Ranged Weapons
 12468 | D        | Reached skill level 1 in Stealth
 12470 | D        | Killed an Orb Guardian
 12478 | D        | Killed an Orb Guardian
 12478 | D        | Received a gift from Trog
 12479 | D        | Reached skill level 5 in Ranged Weapons
 12479 | D        | Killed an Orb Guardian
 12479 | D        | Noticed an Orb Guardian
 12480 | D        | Reached skill level 5 in Stealth
 12486 | D        | Killed an Orb Guardian
 12490 | D        | Killed an Orb Guardian
 12494 | D        | Killed an Orb Guardian
 12548 | D        | Noticed an Orb Guardian
 12549 | D        | Noticed an Orb Guardian
 12550 | D        | Noticed an Orb Guardian
 12552 | D        | Killed an Orb Guardian
 12552 | D        | Noticed an Orb Guardian
 12554 | D        | Killed an Orb Guardian
 12555 | D        | Reached skill level 10 in Ranged Weapons
 12558 | D        | Killed an Orb Guardian
 12561 | D        | Killed an Orb Guardian
 12561 | D        | Received a gift from Trog
 12579 | D        | Noticed an Orb Guardian
 12584 | D        | Killed an Orb Guardian
 12585 | D        | Reached skill level 10 in Stealth
 12691 | D        | Noticed an ancient lich
 12697 | D        | Received a gift from Trog
 12721 | D        | Killed an ancient lich
 12726 | D        | Received a gift from Trog
 12727 | D        | Reached skill level 15 in Ranged Weapons
 12743 | D        | Reached XP level 19. HP: 110/227 MP: 8/16
 12747 | D        | Received a gift from Trog
 13098 | D        | Identified the +13 morningstar "Kiwaugg" {heavy, Dex+4
                  | SInv} (Trog gifted it to you in the Dungeon)
 13098 | D        | Received a gift from Trog
 13128 | D        | Received a gift from Trog
 13168 | D        | Reached skill level 15 in Stealth
 13177 | D        | Received a gift from Trog
 13199 | D        | Received a gift from Trog
 13215 | D        | Got an elven rune of Zot
 13440 | D        | Received a gift from Trog
 13454 | D        | Noticed the Royal Jelly
 13501 | D        | Killed the Royal Jelly
 13811 | D        | Received a gift from Trog
 13844 | D        | Got a slimy rune of Zot
 13940 | D        | Received a gift from Trog
 13950 | D        | Received a gift from Trog
 13962 | D        | Received a gift from Trog
 13974 | D        | Received a gift from Trog
 14169 | D        | Received a gift from Trog
 14332 | D        | Received a gift from Trog
 14806 | D        | Noticed a royal mummy
 14806 | D        | Noticed a royal mummy
 14806 | D        | Noticed a royal mummy
 14806 | D        | Noticed a royal mummy
 14806 | D        | Noticed a royal mummy
 15007 | D        | Killed a royal mummy
 15007 | D        | Received a gift from Trog
 15008 | D        | Reached skill level 27 in Ranged Weapons
 15137 | D        | Killed a royal mummy
 17144 | D        | Killed a royal mummy
 17254 | D        | Killed a royal mummy
 17254 | D        | Received a gift from Trog
 17461 | D        | Killed a royal mummy
 17462 | D        | Reached XP level 20. HP: 107/237 MP: 8/17
 17845 | D        | Noticed a royal mummy
 17866 | D        | Killed a royal mummy
 18279 | D        | Received a gift from Trog
 18283 | D        | Got a golden rune of Zot
 18321 | D        | Received a gift from Trog
 18555 | D        | Got an abyssal rune of Zot
 18782 | D        | Noticed Geryon
 18792 | D        | Killed Geryon
 18793 | D        | Reached skill level 27 in Stealth
 18816 | D        | Noticed Mnoleg
 18816 | D        | Noticed Ereshkigal
 18820 | D        | Gained mutation: You are vulnerable to heat. (rF-)
                  | [Mnoleg's mutagenic touch]
 18829 | D        | Noticed Dispater
 18851 | D        | Killed Mnoleg
 18932 | D        | Killed Dispater
 18938 | D        | HP: 3/237 [Ereshkigal (14)]
 19530 | D        | Killed Ereshkigal
 19531 | D        | Reached skill level 10 in Spellcasting
 19603 | D        | Got a glowing rune of Zot
 19650 | D        | Found the +7 sceptre of Asmodeus
 19650 | D        | Noticed Asmodeus
 19652 | D        | Got a bone rune of Zot
 19659 | D        | Noticed Antaeus
 19664 | D        | Found the +6 sword of Cerebov {flame}
 19664 | D        | Noticed Cerebov
 20720 | D        | Killed Asmodeus
 20964 | D        | Killed Antaeus
 21381 | D        | Lost mutation: You are vulnerable to heat. (rF-) [potion of
                  | mutation]
 21381 | D        | Lost mutation: Your magical capacity is low. (-10% MP)
                  | [potion of mutation]
 21565 | D        | Killed Cerebov
 21566 | D        | Fell from the grace of Trog
 23699 | D        | Became a worshipper of Trog the Wrathful
 25595 | D        | Got an iron rune of Zot
 25600 | D        | Got an obsidian rune of Zot
 25602 | D        | Noticed Lom Lobon
 25652 | D        | Noticed Gloorx Vloq
 26163 | D        | Killed Lom Lobon
 26522 | D        | Killed Gloorx Vloq
 27026 | D        | Got an icy rune of Zot
 27030 | D        | Got a fiery rune of Zot
 27034 | D        | Got a magical rune of Zot
 27038 | D        | Got a dark rune of Zot
 27451 | D        | Got the Orb of Zot
 27655 | D        | Reached * piety under Trog
 27788 | D        | Noticed Uwal Avu the pandemonium lord
 27807 | D        | Paralysed by a floating eye for 4 turns
 27812 | D        | Killed Uwal Avu the pandemonium lord
 27813 | D        | Reached skill level 15 in Short Blades
 28014 | D        | Noticed Gahoan the pandemonium lord
 28035 | D        | Killed Gahoan the pandemonium lord
 28035 | D        | Received a gift from Trog
 28128 | D        | Received a gift from Trog
 28397 | D        | Received a gift from Trog
 28574 | D        | Reached XP level 21. HP: 246/246 MP: 40/40
 28626 | D        | Identified the +6 mace of Extermination {flame, Int-4
                  | Dex+7} (Trog gifted it to you in the Dungeon)
 28626 | D        | Received a gift from Trog
 28812 | D        | Reached skill level 27 in Short Blades
 28812 | D        | Reached skill level 1 in Axes
 28861 | D        | Received a gift from Trog
 28862 | D        | Reached skill level 5 in Axes
 28972 | D        | Noticed a golden dragon
 28998 | D        | Reached skill level 10 in Axes
 29067 | D        | Noticed Boris
 29082 | D        | Killed Boris
 29082 | D        | Received a gift from Trog
 29119 | D        | Noticed a seraph
 29153 | D        | Killed a seraph
 29449 | D        | Noticed Goitz the pandemonium lord
 29483 | D        | Killed Goitz the pandemonium lord
 29486 | D        | Received a gift from Trog
 29525 | D        | Escaped with the Orb!

Illustrated notes

Levels and vault maps discovered:
D:        linesprint [early_d, line_temple, items_1, d_10, items_2, lair_1,
          lair_end, items_3, orc_1, orc_end, items_4, d_15, swamp_1, shoals_1,
          snake_1, spider_1, d_20, vaults_1, items_5, swamp_end, shoals_end,
          snake_end, spider_end, vaults_end, d_27, items_6, zot_1, zot_end,
          crypt_end, forest_end, elf_end, slime_end, tomb_end, abyss_end,
          pan_hell_end]

Skill      XL: |  1  2  3  4  5  6  7  8  9 10 11 12 13 14 15 16 17 18 19 20 21 |
---------------+----------------------------------------------------------------+-----
Fighting       | 4 5 6 7 8 11 13 16 18 21 22 25 27 | 27.0
Maces & Flails | 4 5 6 7 8 11 13 14 16 18 20 21 23 27 | 27.0
Armour         | 3 5 6 8 11 13 16 18 21 22 25 27 | 27.0
Dodging        | 3 4 5 6 7 9 10 13 17 22 27 | 27.0
Evocations     | 2 7 8 11 12 14 17 22 27 | 27.0
Shields        | 11 17 22 26 27 | 27.0
Throwing       | 9 16 23 27 | 27.0
Ranged Weapons | 15 27 | 27.0
Stealth        | 13 25 27 | 27.0
Spellcasting   | 16 | 16.9
Short Blades   | 24 27 | 27.0
Axes           | 20 | 20.2

Action                     |  1- 3 |  4- 6 |  7- 9 | 10-12 | 13-15 | 16-18 | 19-21 || total
---------------------------+-------+-------+-------+-------+-------+-------+-------++-------
  Melee: Mace              |    12 |     5 |       |       |       |       |       ||    17
         Headbutt          |     4 |     1 |     4 |    36 |    95 |   163 |   298 ||   601
         Dire flail        |       |     4 |    27 |   180 |    12 |       |       ||   223
         Great mace        |       |       |       |    21 |       |       |       ||    21
         Eveningstar       |       |       |       |       |   403 |   296 |   473 ||  1172
         Morningstar       |       |       |       |       |    81 |   172 |       ||   253
         Demon whip        |       |       |       |       |       |   173 |   509 ||   682
   Fire: Hand crossbow     |       |       |       |       |       |       |    16 ||    16
  Throw: Javelin           |       |       |       |       |       |    28 |    13 ||    41
         Dart              |       |       |       |       |       |     1 |    10 ||    11
 Invoke: Berserk           |     1 |     1 |     1 |     2 |     3 |     1 |     2 ||    11
         Brothers in Arms  |       |       |       |     3 |    11 |     4 |     5 ||    23
         Trog's Hand       |       |       |       |       |       |     2 |    12 ||    14
  Evoke: Wand              |       |       |       |       |    14 |     1 |       ||    15
         Lightning rod     |       |       |       |       |     2 |    11 |    21 ||    34
         Horn of Geryon    |       |       |       |       |       |       |     4 ||     4
    Use: Scroll            |       |       |     2 |     1 |    10 |     5 |    10 ||    28
         Potion            |       |       |       |       |     2 |     4 |    27 ||    33
   Stab: Invisible         |       |       |       |       |     3 |     1 |       ||     4
         Distracted        |       |       |       |       |       |       |     1 ||     1
 Armour: Animal skin       |     1 |       |       |       |       |       |       ||     1
         Plate armour      |       |       |     5 |    75 |   248 |    54 |       ||   382
         Skin              |       |       |       |     5 |       |       |       ||     5
         Gold dragon scale |       |       |       |       |       |   113 |   201 ||   314
  Dodge: Dodged            |     3 |     5 |     8 |    60 |   176 |   115 |   136 ||   503
  Block: Kite shield       |       |       |       |       |   131 |       |       ||   131
         Tower shield      |       |       |       |       |   178 |   502 |   607 ||  1287

Table legend: (Time is in decaauts) A = Elapsed time spent in this place. B = Non-inter-level travel time spent in this place. C = Inter-level travel time spent in this place. D = Time resting spent in this place. E = Time spent auto-exploring this place. F = Levels seen in this place. G = Mean time per level. A B C D E F G +--------+--------+--------+--------+--------+-----+--------+ Total | 28773 | 21906 | 6867 | 12046 | 1507 | 1 | 28773.0 | Dungeon | 28773 | 21906 | 6867 | 12046 | 1507 | 1 | 28773.0 | +--------+--------+--------+--------+--------+-----+--------+

Top non-repeatable levels by time:
       D: 28773 daAuts
